 Dungeon Crawl Stone Soup version 0.29.1-12-g30fa7ad0bf (webtiles) character file.

Game seed: 15489720398910628400

10927 croobank the Protected (level 11, -2/70 HPs)
             Began as a Minotaur Fighter on Dec 23, 2022.
             Was a Priest of Qazlal.
             Killed from afar by a hell hound (5 damage)
             ... with a blast of flame
             ... on level 2 of the Abyss.
             The game lasted 00:31:11 (11347 turns).

croobank the Protected (Minotaur Fighter)          Turns: 11347, Time: 00:31:12

Health: -2/70      AC: 16    Str: 25    XL:     11   Next: 42%
Magic:  5/11       EV:  7    Int:  1    God:    Qazlal [***...]
Gold:   673        SH: 11    Dex: 12    Spells: 10/10 levels left

rFire   + . .      SeeInvis .   p - +10 war axe of the Crafting Messenger {vorpal, Will+}
rCold   + + .      Faith    +   c - +1 buckler
rNeg    . . .      Spirit   .   D - +0 plate armour
rPois   .          Reflect  .   (helmet restricted)
rElec   .          Harm     .   h - +1 cloak "Mulax" {rF+ rC++ Dex+2}
rCorr   .          Rampage  .   A - +0 pair of gloves
Will    +....                   r - +1 pair of boots
Stlth   ..........              s - amulet of faith
HPRegen 0.21/turn               (no ring)
MPRegen 0.12/turn               (no ring)

@: studying Ranged Weapons, unable to read, unable to drink
A: horns 2, retaliatory headbutt, [deformed body], [deterioration 2], [dopey 2],
[frail 3], [low MP 2], [screaming 2], [no potion heal 2], [subdued magic 2],
[inability to drink after injury 2], [inability to read after injury 2]
a: Renounce Religion, Upheaval, Elemental Force


You were on level 2 of the Abyss.
You worshipped Qazlal.
Qazlal was most pleased with you.
You visited 3 branches of the dungeon, and saw 11 of its levels.
You visited the Abyss 1 time.
You also visited: Ossuary.

You collected 673 gold pieces.

Inventory:

Hand Weapons
 l - a +3 shortbow of freezing
 p - the +10 war axe of the Crafting Messenger (weapon) {vorpal, Will+}
   (You found it on level 5 of the Dungeon)

   It inflicts extra damage upon your enemies.
   Will:      It increases your willpower.
 B - a +1 spectral broad axe
 H - a +1 morningstar of distortion
 I - a +0 scimitar
 N - the +8 great sword "Goiniy" {freeze, rC- rCorr Str+3}
   (You took it off a tengu warrior on level 9 of the Dungeon)

   It freezes those it strikes, dealing additional cold damage.
   It can also slow down cold-blooded creatures.
   Str:       It affects your strength (+3).
   rC:        It makes you vulnerable to cold.
   rCorr:     It protects you from acid and corrosion.
Missiles
 j - a throwing net
 k - 15 boomerangs (quivered)
Armour
 b - a +0 scale mail
 c - a +1 buckler (worn)
 h - the +1 cloak "Mulax" (worn) {rF+ rC++ Dex+2}
   (You acquired it on level 4 of the Dungeon)

   Dex:       It affects your dexterity (+2).
   rF:        It protects you from fire.
   rC:        It greatly protects you from cold.
 r - a +1 pair of boots (worn)
 A - a +0 pair of gloves (worn)
 D - a +0 plate armour (worn)
Jewellery
 n - an amulet of magic regeneration
 s - an amulet of faith (around neck)
Wands
 d - a wand of polymorph (6)
 f - a wand of charming (9)
 C - a wand of digging (1)
 E - a wand of quicksilver (19)
 G - a wand of mindburst (9)
 K - a wand of flame (16)
Scrolls
 a - a scroll of amnesia
 i - a scroll of vulnerability
 o - 2 scrolls of fear
 q - a scroll of poison
 x - 10 scrolls of teleportation
 y - a scroll of noise
 F - 2 scrolls of magic mapping
 M - 3 scrolls of identify
Potions
 e - 5 potions of heal wounds
 g - 7 potions of lignification
 m - 3 potions of invisibility
 u - 2 potions of cancellation
 v - 5 potions of curing
 w - 5 potions of mutation {unknown}
 z - 2 potions of attraction {unknown}
 J - 2 potions of degeneration {unknown}
 L - 2 potions of berserk rage


   Skills:
 * Level 10.4 Fighting
 * Level 10.1 Axes
 + Level 8.4 Ranged Weapons
 * Level 10.5 Armour
 * Level 10.4 Shields
 * Level 5.9 Invocations


You had 10 spell levels left.
You didn't know any spells.
Your spell library contained the following spells:

 Spells                   Type           Power      Damage    Failure   Level
 Ensorcelled Hibernation  Hex/Ice        0%         N/A       100%        2
 Passwall                 Tmut/Erth      0%         N/A       100%        2
 Swiftness                Air            0%         N/A       100%        3


Dungeon Overview and Level Annotations

Branches:
Dungeon (9/15)             Temple (1/1) D:6            Lair (1/5) D:8
    Orc (0/2) D:9         Ossuary (visited)

Altars:
Ashenzari
Cheibriados
Dithmenos
Elyvilon
Fedhas
Gozag
Hepliaklqana
Makhleb
Okawaru
Qazlal
Ru
Sif Muna
Trog
Uskayaw
Vehumet
Wu Jian
Xom
Yredelemnul
Zin
The Shining One


Innate Abilities, Weirdness & Mutations

You have a pair of horns on your head.
You reflexively headbutt those who attack you in melee.
[Armour fits poorly on your strangely shaped body.]
[Your body often deteriorates upon taking damage.]
[You are very dopey. (Int -4)]
[You are extremely frail. (-30% HP)]
[Your magical capacity is very low. (-20% MP)]
[You frequently scream uncontrollably at your foes.]
[Potions cannot restore your health.]
[Your spells are easier to cast, but less powerful.]
[You sometimes lose the ability to drink potions when taking damage.]
[You sometimes lose the ability to read scrolls when taking damage.]


Message History

The brown ugly thing is almost dead.
You can read scrolls again.
The hell hound bites you!
You feel threatened and lose the ability to read scrolls!
* * * LOW HITPOINT WARNING * * *
The large abomination barely misses you.
You cannot read scrolls in your current state!
Unknown command.
The large abomination attacks as you move away!
The large abomination closely misses you.
You furiously retaliate!
You headbutt the large abomination!
Found a gateway leading out of the Abyss.
You can read scrolls again.
The hell hound bites you.
You feel threatened and lose the ability to read scrolls!
* * * LOW HITPOINT WARNING * * *
Aiming: Upheaval
Press: ? - help, Dir - move target, p - brown ugly thing A storm cloud blasts the area with cutting wind!
The cutting wind hits the large abomination!!
The large abomination is heavily damaged.
The hell hound bites you.
* * * LOW HITPOINT WARNING * * *
You block the large abomination's attack.
Aiming: Charm
Press: ? - help, Shift-Dir - straight line, f - hell hound
Aim: a hell hound (moderately wounded, chance to affect: 49%)
Okay, then.
The large abomination attacks as you move away!
The large abomination barely misses you.
You furiously retaliate!
You headbutt the large abomination.
The hell hound attacks as you move away!
The hell hound bites you.
* * * LOW HITPOINT WARNING * * *
The wretched star pulses with an eldritch light!
You feel the urge to shout.
You feel a strong urge to scream.
The hell hound bites you but does no damage.
The hell hound breathes flames at you. The blast of flame hits you. You resist.
You die...

......#.....#
####..#...###
..#..###X.#
#.#..##X..#
#.#....Y..#
+####..#u#2.###
........#hX*#
#......###..∩#
#.#..@## ..##
#....## ##.#
#.... .. #....
### #.... ###..
##. ..


You could see a brown ugly thing, 3 large abominations, a tormentor, a hell
hound (catching breath) and an ice beast.

Vanquished Creatures
  A hydra (D:9)
  A tengu warrior (D:9)
  A sixfirhy (Abyss:2)
  Pikel (D:8)
  The ghost of lotum the Cudgeller, a novice TeMo of Dithmenos (D:7)
  Joseph (D:8)
  A komodo dragon (D:8)
  Psyche (D:8)
  2 trolls (D:9)
  Grinder (D:6)
  A vampire (D:9)
  A wraith (D:9)
  Eustachio (D:5)
  4 steam dragons
  A large abomination (Abyss:2)
  A chaos spawn (Abyss:2)
  7 yaks (D:8)
  Grum (D:8)
  Edmund (D:6)
  4 water moccasins
  4 ice beasts
  5 orc warriors
  3 ogres
  4 wolves (D:8)
  2 centaurs (D:7)
  4 phantoms
  A kobold brigand (D:7)
  2 lemures (D:8)
  2 bullfrogs
  A necrophage (D:7)
  3 scorpions
  A water moccasin skeleton (D:5)
  5 killer bees (D:7)
  2 centaur zombies (Ossuary)
  2 bullfrog zombies (D:5)
  2 jellies
  5 hounds
  A human zombie (Ossuary)
  7 orc priests
  3 iron imps (D:6)
  A scorpion zombie (D:5)
  5 iguanas
  6 orc wizards
  A hound zombie (D:5)
  A hound skeleton (D:5)
  2 mummies (Ossuary)
  18 gnolls
  12 adders
  A shadow imp (D:5)
  A white imp (D:6)
  2 ufetubi
  3 adder zombies (D:5)
  4 worms
  3 dart slugs
  54 orcs
  8 endoplasms
  A giant cockroach (D:2)
  7 goblins
  3 hobgoblins
  6 jackals (D:1)
  7 kobolds
  4 quokkas
  7 ball pythons
  6 bats
  2 frilled lizards
  3 goblin zombies (Ossuary)
  11 hobgoblin zombies (Ossuary)
  3 jackal zombies (Ossuary)
  9 kobold zombies (Ossuary)
  7 orc zombies (Ossuary)
  2 rats
  A rat zombie (Ossuary)
  A butterfly (D:8)
294 creatures vanquished.

Vanquished Creatures (others)
  29 fungi (D:4)
  6 plants (D:8)
  A withered plant (D:5)
36 creatures vanquished.

Grand Total: 330 creatures vanquished

Notes
Turn   | Place    | Note
-------+----------+-------------------------------------------
     0 | D:1      | croobank the Minotaur Fighter began the quest for the Orb.
     0 | D:1      | Reached XP level 1. HP: 19/19 MP: 0/0
   399 | D:1      | Reached XP level 2. HP: 27/27 MP: 1/1
   820 | D:2      | Reached XP level 3. HP: 33/33 MP: 2/2
   888 | D:2      | Found a hazy altar of Hepliaklqana.
  1088 | D:2      | Found a faded altar of an unknown god.
  1099 | D:2      | Reached XP level 4. HP: 39/40 MP: 3/3
  1515 | D:3      | Found a broken altar of Ashenzari.
  1641 | D:3      | Reached XP level 5. HP: 40/47 MP: 4/4
  2047 | D:3      | Found a blossoming altar of Fedhas.
  2648 | D:3      | Identified 2 scrolls of acquirement
  2648 | D:3      | Acquired a manual of Ranged Weapons
  2677 | D:4      | Reached skill level 5 in Armour
  2688 | D:4      | Reached skill level 5 in Shields
  2690 | D:4      | Reached skill level 5 in Fighting
  2912 | D:4      | Acquired the +1 cloak "Mulax" {rF+ rC++ Dex+2}
  2937 | D:4      | Reached skill level 1 in Ranged Weapons
  2968 | D:4      | Reached XP level 6. HP: 44/56 MP: 5/5
  3219 | D:4      | Found an ornate altar of the Wu Jian Council.
  3538 | D:4      | Reached XP level 7. HP: 50/61 MP: 6/6
  3549 | D:4      | Reached skill level 5 in Axes
  4506 | D:5      | Entered Level 5 of the Dungeon
  4597 | D:5      | Noticed Eustachio
  4638 | D:5      | Found a sand-covered staircase.
  4643 | Ossuary  | Entered an ossuary
  4944 | D:5      | Killed Eustachio
  4945 | D:5      | Reached XP level 8. HP: 60/71 MP: 7/7
  5626 | D:5      | Identified the +10 war axe of the Crafting Messenger
                  | {vorpal, Will+}
  5692 | D:5      | Reached skill level 5 in Ranged Weapons
  5958 | D:6      | Found a staircase to the Ecumenical Temple.
  5963 | Temple   | Entered the Ecumenical Temple
  5963 | Temple   | Found a transporter.
  5963 | Temple   | Found a transporter.
  5965 | Temple   | Found a transporter.
  5965 | Temple   | Found a transporter.
  6004 | Temple   | Became a worshipper of Qazlal Stormbringer
  6056 | D:6      | Found a snail-covered altar of Cheibriados.
  6142 | D:6      | Reached XP level 9. HP: 72/80 MP: 8/8
  6221 | D:6      | Reached skill level 1 in Invocations
  6259 | D:6      | Noticed Edmund
  6268 | D:6      | Killed Edmund
  6392 | D:6      | Noticed Grinder
  6404 | D:6      | Killed Grinder
  6798 | D:6      | Found a burning altar of Makhleb.
  6809 | D:6      | Reached * piety under Qazlal
  7699 | D:7      | Found a hide-covered altar of Uskayaw.
  8001 | D:7      | Found a runed translucent gate.
  8001 | D:7      | Found a runed translucent gate.
  8004 | D:7      | Found a runed translucent gate.
  8048 | D:7      | Noticed lotum's ghost (novice TeMo)
  8090 | D:7      | Found an iron altar of Okawaru.
  8091 | D:7      | Found a bloodstained altar of Trog.
  8329 | D:7      | Reached XP level 10. HP: 83/90 MP: 11/11
  8388 | D:7      | Found a glowing silver altar of Zin.
  8444 | D:7      | Found an opulent altar of Gozag.
  8452 | D:7      | Reached ** piety under Qazlal
  8676 | D:7      | Killed lotum's ghost
  8744 | D:8      | Noticed Joseph
  8756 | D:8      | Killed Joseph
  8837 | D:8      | Found a white marble altar of Elyvilon.
  8852 | D:8      | Noticed Grum
  8869 | D:8      | Killed Grum
  8875 | D:8      | Noticed Psyche
  8881 | D:8      | Killed Psyche
  9012 | D:8      | Noticed Pikel
  9018 | D:8      | Killed Pikel
  9195 | D:8      | Reached *** piety under Qazlal
  9589 | D:8      | Found a staircase to the Lair.
  9670 | D:8      | Reached skill level 5 in Invocations
  9999 | D:9      | Found a staircase to the Orcish Mines.
 10099 | D:9      | Identified the +1 robe of Free Will {rElec}
 10220 | D:9      | Reached skill level 10 in Armour
 10220 | D:9      | Reached XP level 11. HP: 85/99 MP: 13/13
 10308 | D:9      | Noticed a six-headed hydra
 10322 | D:9      | Killed a six-headed hydra
 10323 | D:9      | Reached skill level 10 in Fighting
 10323 | D:9      | Reached skill level 10 in Shields
 10332 | D:9      | HP: 4/99 [something (14)]
 10392 | Lair:1   | Entered Level 1 of the Lair of Beasts
 11137 | D:9      | Identified the +8 great sword "Goiniy" {freeze, rC- rCorr
                  | Str+3}
 11137 | D:9      | Noticed a tengu warrior
 11149 | D:9      | Killed a tengu warrior
 11150 | D:9      | Reached skill level 10 in Axes
 11153 | Abyss:2  | Found a corrupted altar of Lugonu.
 11153 | Abyss:2  | Cast into level 2 of the Abyss (unwielding a weapon of
                  | distortion)
 11266 | Abyss:2  | Noticed a sixfirhy
 11269 | Abyss:2  | Killed a sixfirhy
 11283 | Abyss:2  | Noticed a brown ugly thing
 11284 | Abyss:2  | Noticed a shadow demon
 11285 | Abyss:2  | Noticed a wretched star
 11285 | Abyss:2  | Noticed a large abomination
 11285 | Abyss:2  | Noticed a shadow demon
 11286 | Abyss:2  | Noticed a green ugly thing
 11287 | Abyss:2  | Noticed a starcursed mass
 11340 | Abyss:2  | Noticed a large abomination
 11346 | Abyss:2  | HP: 2/70 [hell hound (4)]
 11347 | Abyss:2  | Killed from afar by a hell hound

Illustrated notes

Levels and vault maps discovered:
D:1:      roderic_octagonal_star, layout_basic,
          wander_ebering_terrifying_dragon_lair
D:2:      layout_loops_ring, basic_altar, nicolae_ecumenical_snake_handling
D:3:      layout_basic, mainiacjoe_overflow_alcove_2, ashenzari_altar_1,
          bh_walls_and_bars
D:4:      layout_loops_ring, mainiacjoe_overflow_cross_hatched, minmay_circle_x
D:5:      layout_gridville, serial_undead, serial_undead_b, serial_undead_a,
          serial_undead_a, serial_undead_e,
          nicolae_ossuary_entry_false_entrances, uniq_eustachio
D:6:      layout_basic, demons_altar, kennysheep_little_box, temple_doors_cd,
          uniq_grinder, uniq_edmund
D:7:      layout_loops_ring, grunt_temple_overflow_bloody_war, zin_treasury,
          mainiacjoe_overflow_catwalk, mainiacjoe_overflow_tiny_flanked,
          ebering_ghost_rock_garden
D:8:      layout_basic, nicolae_elyvilon_peaceful_grove,
          grunt_lair_entry_orc_guard_hut, special_room [special_room_orc],
          minivault_22, uniq_psyche, uniq_grum, uniq_joseph, uniq_pikel
D:9:      minmay_the_grid_triangle_9x9_recursive_2
          [minmay_the_grid_triangle_9x9_prize_top_heavy,
          minmay_the_grid_triangle_9x9_windchime,
          minmay_the_grid_triangle_9x9_sprig,
          minmay_the_grid_triangle_9x9_zippers_horizontal], layout_loops_ring,
          lemuel_tele_altar, lemuel_zombie_altar_kikubaaqudgha, orc_0_dummy,
          serial_rivers, chequers_serial_rivers_micro_e,
          chequers_serial_rivers_small_a, chequers_serial_rivers_micro_e,
          chequers_serial_rivers_micro_e, chequers_serial_rivers_micro_a,
          chequers_serial_rivers_large_a, minivault_16
Temple:   hellmonk_temple_divided_pantheon
Lair:1:   layout_hall_layers, beast_lair_carwin_10, lemuel_fruit_tree,
          grunt_megastairs_4, serial_bayou_shore_b
Abyss:2:  base: D:11, hangedman_shadowy_showcase

Skill      XL: |  1  2  3  4  5  6  7  8  9 10 11 |
---------------+----------------------------------+-----
Armour         | 4 5 6 7 8 10 | 10.5
Shields        | 4 5 6 7 8 9 10 | 10.4
Fighting       | 4 5 6 7 8 9 10 | 10.4
Axes           | 3 4 6 7 8 9 10 | 10.1
Ranged Weapons | 1 2 3 5 6 7 8 |  8.4
Invocations    | 3 5 |  5.9

Action                   |  1- 3 |  4- 6 |  7- 9 | 10-12 || total
-------------------------+-------+-------+-------+-------++-------
Melee: War axe           |    59 |   151 |   262 |   131 ||   603
       Headbutt          |     4 |    28 |    37 |    31 ||   100
       Broad axe         |       |       |     6 |       ||     6
       Morningstar       |       |       |       |    42 ||    42
Throw: Boomerang         |       |       |    12 |     4 ||    16
Invok: Upheaval          |       |       |       |     6 ||     6
       Elemental Force   |       |       |       |     1 ||     1
Evoke: Wand              |       |       |       |     1 ||     1
  Use: Scroll            |       |    14 |    11 |     2 ||    27
       Potion            |       |     1 |       |     4 ||     5
Armor: Scale mail        |    33 |    73 |   137 |    51 ||   294
       Plate armour      |       |       |       |    30 ||    30
Dodge: Dodged            |    31 |    70 |    99 |    59 ||   259
Block: Buckler           |    11 |    28 |    82 |    95 ||   216
